 Seeded DCSS version 0.28-a0-1555-g9ae15a6949 (webtiles) character file.

Game seed: 6632949731941055012 (custom seed)

201 knot the Skirmisher (level 5, 0/42 HPs)
             Began as a Demonspawn Berserker on Jan 18, 2022.
             Was a Follower of Trog.
             Slain by an orc wizard (3 damage)
             ... on level 3 of the Dungeon.
             The game lasted 00:02:31 (4299 turns).

knot the Skirmisher (Demonspawn Berserker)          Turns: 4299, Time: 00:02:31

Health: 0/42       AC:  2    Str: 18    XL:     5   Next: 50%
Magic:  5/5        EV: 12    Int: 10    God:    Trog [*.....]
Gold:   102        SH:  0    Dex: 12    Spells: 4/4 levels left

rFire   . . .      SeeInvis .   i - +0 war axe
rCold   . . .      Faith    .   (no shield)
rNeg    . . .      Spirit   .   (no armour)
rPois   .          Reflect  .   r - +2 hat
rElec   .          Harm     .   (no cloak)
rCorr   .          Rampage  .   (no gloves)
Will    .....                   (no boots)
Stlth   +.........              (no amulet)
HPRegen 0.14/turn               (no ring)
MPRegen 0.18/turn               (no ring)

@: mighty, on berserk cooldown, slowed, very slow
A: magic regeneration
a: Renounce Religion, Berserk


You were on level 3 of the Dungeon.
You worshipped Trog.
Trog was aware of your devotion.
You visited 1 branch of the dungeon, and saw 3 of its levels.

You collected 102 gold pieces.

Inventory:

Hand Weapons
 i - a +0 war axe (weapon)
Missiles
 c - 78 stones (quivered)
 e - 7 arrows
Armour
 b - a +0 animal skin
 q - a +0 ring mail
 r - a +2 hat (worn)
Jewellery
 a - a ring of willpower
 l - a ring of fire
Scrolls
 d - a scroll of summoning {unknown}
 f - a scroll of brand weapon {unknown}
 g - a scroll of vulnerability {unknown}
 n - a scroll of enchant weapon {unknown}
 o - a scroll of identify {unknown}
Potions
 j - a potion of resistance {unknown}
 p - a potion of brilliance {unknown}


   Skills:
 + Level 4.0 Fighting
 + Level 3.7 Axes
 + Level 3.0 Armour
 + Level 3.0 Dodging


You had 4 spell levels left.
You didn't know any spells.
Your spell library was empty.

Dungeon Overview and Level Annotations

Branches:
Dungeon (3/15)

Altars:

Shops:
D:2 =


Innate Abilities, Weirdness & Mutations

You regenerate magic rapidly.


Message History

You kill the orc!
Trog accepts your kill.
You slash the hobgoblin!
You kill the hobgoblin!
Trog accepts your kill.
You hit the orc.
The orc is severely wounded.
You hit the orc. The orc misses you. The orc closely misses you.
You hit the orc.
You kill the orc!
Trog accepts your kill.
You slash the orc!
You kill the orc!
Trog accepts your kill. Something hits you.
Items here: $ ( ) [ ††.
You miss something. Something hits you.
You closely miss something. Something hits you.
You miss something. Something hits you.
You barely miss something. You miss something. Something hits you.
You closely miss something.
You are no longer berserk.
You are exhausted.
You feel yourself slow down. Something hits you but does no damage.
You closely miss something. Something hits you. x2
You closely miss something. Something barely misses you.
You hear some strange, mumbled words.
A magic dart appears from out of thin air!
The magic dart hits you!
* * * LOW HITPOINT WARNING * * *
It was a potion of might.
You feel very mighty all of a sudden. Something hits you.
* * * LOW HITPOINT WARNING * * *
Something hits you but does no damage.
You miss something. Something hits you.
* * * LOW HITPOINT WARNING * * *
Something hits you.
You die...

#### ##### .... #.... ..... #....
..... #.... ......#####....
############......#........
...........{......+........
#......)@# #........
#####........# #........
#............# #.....###
#.##.....##### #.....# #
#.##.....# #.....### #.##.....#
####.....
#####.##.....###############.....
...........................'.....
...##.#####................#.....


There were no monsters in sight!

Vanquished Creatures
  A howler monkey (D:3)
  Natasha (thrice) (D:3)
  4 adders
  4 orcs (D:3)
  5 ball pythons
  6 endoplasms
  2 giant cockroaches
  5 goblins
  4 hobgoblins (D:3)
  4 quokkas
  3 bats (D:1)
  3 frilled lizards
  4 kobolds
  3 rats
51 creatures vanquished.

Notes
Turn   | Place    | Note
-------+----------+-------------------------------------------
     0 | D:1      | knot the Demonspawn Berserker began the quest for the Orb.
     0 | D:1      | Reached XP level 1. HP: 18/18 MP: 1/1
   443 | D:1      | Gained mutation: You regenerate magic rapidly. [demonic
                  | ancestry]
   443 | D:1      | Reached XP level 2. HP: 24/24 MP: 2/2
  1622 | D:2      | Found Bemyij's Jewellery Shop.
  1728 | D:2      | Reached XP level 3. HP: 17/29 MP: 3/3
  3544 | D:3      | Reached XP level 4. HP: 34/35 MP: 4/4
  3558 | D:3      | Found a faded altar of an unknown god.
  3630 | D:3      | Noticed Natasha
  3635 | D:3      | Killed Natasha
  3651 | D:3      | Noticed Natasha
  3675 | D:3      | Killed Natasha
  4198 | D:3      | Reached XP level 5. HP: 36/42 MP: 5/5
  4277 | D:3      | Noticed Natasha
  4284 | D:3      | Killed Natasha
  4285 | D:3      | Reached skill level 4 in Fighting
  4299 | D:3      | Slain by an orc wizard

Illustrated notes

Levels and vault maps discovered:
D:1:      dpeg_arrival_connections, layout_basic,
          hangedman_abyss_or_decor_stabs, minmay_tripent
D:2:      layout_basic, serial_shops, shop, minmay_misc_feat_tiny,
          minmay_crystal_room, minivault_23
D:3:      layout_basic, ebering_ecumenical_altar_abandoned,
          nicolae_figureground_pulse, uniq_natasha

Skill      XL: |  1  2  3  4  5 |
---------------+----------------+-----
Armour         | 2 3 |  3.0
Dodging        | 2 3 |  3.0
Axes           | 3 |  3.7
Fighting       | 4 |  4.0

Action                   |  1- 3 |  4- 6 || total
-------------------------+-------+-------++-------
Melee: Hand axe          |    55 |       ||    55
       War axe           |    57 |    51 ||   108
Invok: Berserk           |     1 |     4 ||     5
  Use: Potion            |       |     4 ||     4
 Stab: Sleeping          |     4 |       ||     4
       Invisible         |       |     2 ||     2
Armor: Animal skin       |    25 |       ||    25
       Skin              |       |     7 ||     7
Dodge: Dodged            |    88 |    38 ||   126

Table legend: (Time is in decaauts)
 A = Elapsed time spent in this place.
 B = Non-inter-level travel time spent in this place.
 C = Inter-level travel time spent in this place.
 D = Time resting spent in this place.
 E = Time spent auto-exploring this place.
 F = Levels seen in this place.
 G = Mean time per level.
                   A        B        C        D        E       F      G
               +--------+--------+--------+--------+--------+-----+--------+
         Total |   4377 |   4252 |    125 |    834 |   2989 |   3 | 1459.0 |
       Dungeon |   4377 |   4252 |    125 |    834 |   2989 |   3 | 1459.0 |
               +--------+--------+--------+--------+--------+-----+--------+

Top non-repeatable levels by time:
     D:1: 1640 daAuts
     D:2: 1482 daAuts
     D:3: 1254 daAuts
